 Dungeon Crawl Stone Soup version 0.28-a0-317-g21599a725c (webtiles) character file.

Game seed: 13484546816328833001

467 McIrco the Sneak (level 7, 0/64 HPs)
             Began as a Kobold Berserker on Sept 1, 2021.
             Was a Priest of Trog.
             Slain by an orc (2 damage)
             ... on level 4 of the Dungeon.
             The game lasted 00:04:21 (4153 turns).

McIrco the Sneak (Kobold Berserker)                 Turns: 4153, Time: 00:04:22

Health: 0/64       AC:  4    Str: 16    XL:     7   Next: 30%
Magic:  7/7        EV: 16    Int:  8    God:    Trog [***...]
Gold:   327        SH:  0    Dex: 15    Spells: 6/6 levels left

rFire   . . .      SeeInvis .   a - +0 short sword
rCold   . . .      Faith    .   (shield restricted)
rNeg    . . .      Spirit   .   b - +0 animal skin
rPois   .          Reflect  .   (no helmet)
rElec   .          Harm     .   (no cloak)
rCorr   .          Rampage  .   i - +0 pair of gloves
Will    .....                   n - +0 pair of boots
Stlth   ..........              (no amulet)
HPRegen 0.20/turn               (no ring)
MPRegen 0.10/turn               (no ring)

@: berserking (expiring), very quick
A: small, no large weapons, nightstalker 3
a: Renounce Religion, Berserk, Trog's Hand


You were on level 4 of the Dungeon.
You worshipped Trog.
Trog was most pleased with you.
You visited 1 branch of the dungeon, and saw 4 of its levels.
You also visited: Sewer.

You collected 327 gold pieces.

Inventory:

Hand Weapons
 a - a +0 short sword (weapon)
Armour
 b - a +0 animal skin (worn)
 h - a +0 kite shield
 i - a +0 pair of gloves (worn)
 n - a +0 pair of boots (worn)
Wands
 m - a wand of mindburst (15)
Scrolls
 d - 3 scrolls of identify
 f - a scroll of enchant weapon {unknown}
 k - a scroll of enchant armour {unknown}
 l - a scroll of teleportation {unknown}
 p - a scroll of blinking {unknown}
Potions
 c - a potion of mutation {unknown}
 e - 2 potions of ambrosia {unknown}
 g - 2 potions of heal wounds
 j - a potion of haste {unknown}
 o - a potion of degeneration {unknown}


   Skills:
 + Level 4.1 Fighting
 + Level 6.4 Short Blades
 + Level 1.7 Armour
 + Level 4.0 Dodging
 + Level 6.5 Stealth


You had 6 spell levels left.
You didn't know any spells.
Your spell library was empty.

Dungeon Overview and Level Annotations

Branches:
Dungeon (4/15)              Sewer (visited)
 Temple: D:4-7

Altars:
Makhleb
Zin


Innate Abilities, Weirdness & Mutations

You are small and have problems with some larger weapons.
You are completely attuned to the shadows.


Message History

The bullfrog hits you but does no damage.
The orc wizard completely misses you. The orc completely misses you.
The orc hits you with a +0 dagger.
You hit the orc wizard.
The orc wizard is severely wounded.
The bullfrog hits you.
* * * LOW HITPOINT WARNING * * *
The orc closely misses you.
The orc wizard hits you with a +0 dagger.
* * * LOW HITPOINT WARNING * * *
Unknown command.
You barely miss the orc wizard.
The orc wizard is severely wounded.
The orc misses you. The bullfrog misses you.
You puncture the orc wizard!
You kill the orc wizard!
Trog accepts your kill.
Trog appreciates your killing of a magic user.
The orc hits you with a +0 hand axe.
* * * LOW HITPOINT WARNING * * *
The bullfrog closely misses you.
You hit the bullfrog.
The bullfrog is moderately wounded.
The orc misses you.
You barely miss the bullfrog.
The bullfrog is moderately wounded.
The bullfrog barely misses you. The orc barely misses you.
You puncture the bullfrog!
The bullfrog is almost dead.
The bullfrog hits you but does no damage.
The orc closely misses you.
You puncture the bullfrog!
You kill the bullfrog!
Trog accepts your kill. The orc hits you with a +0 hand axe!
* * * LOW HITPOINT WARNING * * *
Your Dodging skill increases to level 4!
Unknown command.
You barely miss the orc. The orc hits you with a +0 dagger.
You die...

*****,**,,,,,,,*
*,,,,,,*,,,,,,,*
***,,,,,,*,,,,,,,*
*,*,,,,,,*,,,,,,,*
*,#......#,,,,,,,*
*,#......##**,,,,*
******,..........,,,,,*
*,,,,,,...o)†.....,,*** ##
*,****,#...@o#....,,**## #.
*,* *,...........,**#1# ##.
*,*****#..........,*######..
*,,,,,,...........###)_.###.
*,**,**####.#.#.........#...
*,**,* #.#.......+...'...
*,,,<* #.#.##....#...#...
****** ###.###.###._.###.
#......###### ##


You could see 2 orcs.

Vanquished Creatures
  An ogre (D:4)
  2 bullfrogs
  2 orc priests
  2 orc wizards
  2 gnolls (D:1)
  5 adders
  2 worms (D:4)
  4 orcs
  5 endoplasms
  9 giant cockroaches
  6 goblins
  3 hobgoblins
  3 quokkas
  11 ball pythons
  6 bats
  8 frilled lizards
  7 kobolds
  6 rats
84 creatures vanquished.

Vanquished Creatures (others)
  4 toadstools (D:2)
4 creatures vanquished.

Grand Total: 88 creatures vanquished

Notes
Turn   | Place    | Note
-------+----------+-------------------------------------------
     0 | D:1      | McIrco the Kobold Berserker began the quest for the Orb.
     0 | D:1      | Reached XP level 1. HP: 14/14 MP: 1/1
   205 | D:1      | Found a faded altar of an unknown god.
   219 | D:1      | Reached XP level 2. HP: 18/19 MP: 2/2
   494 | D:1      | Reached skill level 1 in Stealth
   632 | D:1      | Reached XP level 3. HP: 22/23 MP: 3/3
   999 | D:2      | Reached ** piety under Trog
  1003 | D:2      | Found a glowing silver altar of Zin.
  1480 | D:2      | Reached XP level 4. HP: 28/28 MP: 4/4
  1719 | D:3      | Reached skill level 5 in Short Blades
  1719 | D:3      | Reached XP level 5. HP: 33/33 MP: 5/5
  2778 | D:4      | Noticed an ogre
  2781 | D:4      | Killed an ogre
  2782 | D:4      | Reached skill level 5 in Stealth
  2782 | D:4      | Reached XP level 6. HP: 38/38 MP: 6/6
  2825 | D:4      | Found a glowing drain.
  2888 | Sewer    | Entered a sewer
  3080 | Sewer    | Reached *** piety under Trog
  3904 | D:4      | Found a burning altar of Makhleb.
  3905 | D:4      | Noticed an Executioner
  3907 | D:4      | Found a glowing silver altar of Zin.
  3909 | D:4      | Noticed an angel
  4141 | D:4      | Reached XP level 7. HP: 28/43 MP: 7/7
  4152 | D:4      | HP: 2/64 [orc (7)]
  4153 | D:4      | Slain by an orc

Illustrated notes

Levels and vault maps discovered:
D:1:      dpeg_arrival_refuge, layout_loops_ring,
          hellmonk_ecumenical_altar_crossroads
D:2:      layout_basic, minmay_gold_behind_fungi, kennysheep_flooded_box
D:3:      layout_basic
D:4:      layout_basic, grunt_temple_overflow_order_and_chaos_2,
          cheibrodos_sewer_entry_drain

Skill      XL: |  1  2  3  4  5  6  7 |
---------------+----------------------+-----
Stealth        | 1 2 4 5 6 |  6.5
Dodging        | 3 4 |  4.0
Short Blades   | 5 6 |  6.4
Fighting       | 4 |  4.1
Armour         | |  1.7

Action                   |  1- 3 |  4- 6 |  7- 9 || total
-------------------------+-------+-------+-------++-------
Melee: Short sword       |    67 |   146 |    13 ||   226
Invok: Berserk           |     2 |     7 |       ||     9
  Use: Scroll            |       |     2 |       ||     2
 Stab: Sleeping          |    17 |    19 |       ||    36
Armor: Animal skin       |     5 |    22 |     3 ||    30
Dodge: Dodged            |    36 |    96 |    13 ||   145

Table legend: (Time is in decaauts)
 A = Elapsed time spent in this place.
 B = Non-inter-level travel time spent in this place.
 C = Inter-level travel time spent in this place.
 D = Time resting spent in this place.
 E = Time spent auto-exploring this place.
 F = Levels seen in this place.
 G = Mean time per level.
                   A        B        C        D        E       F      G
               +--------+--------+--------+--------+--------+-----+--------+
         Total |   4329 |   4247 |     82 |    453 |   3223 |   5 |  865.8 |
       Dungeon |   3251 |   3169 |     82 |    202 |   2549 |   4 |  812.8 |
         Sewer |   1078 |   1078 |      0 |    251 |    674 |   1 | 1078.0 |
               +--------+--------+--------+--------+--------+-----+--------+

Top non-repeatable levels by time:
     D:3: 1206 daAuts
   Sewer: 1078 daAuts
     D:1: 930 daAuts
     D:2: 658 daAuts
     D:4: 456 daAuts
